Map: Lightshade LE

Players

Evolved - Winner!

  • Race: Zerg Zerg
  • League: Gold
  • Spawn Location: 5:00

AsaZiN

  • Race: Protoss Protoss
  • League: Gold
  • Spawn Location: 11:00

VOD

Have the link to the VOD?

Description

Time

  • Played on: Oct. 7, 2020, 8:26 a.m.
  • Length: 13:07
Show
View Real Time Build Order
Export as new Build Order

Evolved Zerg - Winner!

Build Orders: Hatch First 

Get SALT Encoding   

  12  0:03  Drone  
  13  0:09  Drone  
  14  0:17  Overlord  
  14  0:44  Hatchery  
  13  0:59  Spawning Pool  
  12  1:12  Drone x3  
  12  1:16  Extractor  
  14  1:30  Drone  
  15  1:35  Drone  
  16  1:46  Queen  
  19  2:00  Hatchery  
  18  2:04  Zergling x4  
  20  2:20  Roach Warren  
  20  2:44  Hatchery  
  19  2:53  Drone x3  
  22  3:15  Lair  
  22  3:29  Overlord x3  
  22  3:38  Extractor  
  20  3:52  Roach x6  
  29  4:29  Ravager x2  
  31  4:36  Ravager  
  32  4:48  Hatchery  
  32  4:52  Drone x7  
  38  4:53  Drone  
  38  4:59  Hatchery  
  39  5:44  Overlord x3  
  39  6:03  Queen  
  41  6:04  Hatchery  
  41  6:05  Ravager  
  41  6:06  Ravager  
  33  6:36  Roach x6  
  45  6:47  Glial Reconstitution  
  45  7:25  Roach  
  45  7:26  Roach x5  
  57  7:34  Queen  
  56  7:48  Roach x2  
  56  7:49  Roach  
  62  7:56  Roach x3  
  68  8:04  Evolution Chamber  
  67  8:05  Evolution Chamber  
  66  8:18  Roach  
  66  8:19  Roach x3  
  57  9:02  Ravager  
  57  9:05  Ravager  
  56  9:11  Roach x3  
  62  9:18  Roach  
  62  9:19  Roach x6, Overlord  
  76  9:31  Hatchery  
  73  9:45  Queen  
  75  9:54  Zerg Missile Weapons Level 1  
  75  9:55  Zerg Ground Armor Level 1  
  75  10:26  Spore Crawler  
  75  10:27  Spore Crawler  
  71  10:30  Spore Crawler  
  71  10:32  Spore Crawler  
  69  11:00  Spore Crawler x2  
Show
View Real Time Build Order
Export as new Build Order

AsaZiN Protoss 

Build Orders:  

Get SALT Encoding   

  12  0:00  Probe (Chrono Boost)  
  13  0:10  Probe (Chrono Boost)  
  14  0:20  Pylon  
  14  0:22  Probe  
  15  0:38  Probe  
  16  0:44  Gateway  
  16  0:53  Forge  
  16  1:12  Pylon  
  16  1:25  Gateway  
  16  1:35  Photon Cannon  
  16  1:37  Photon Cannon  
  16  1:46  Cybernetics Core  
  16  1:58  Pylon  
  16  2:09  Pylon  
  16  2:15  Zealot x2 (Chrono Boost)  
  20  2:29  Photon Cannon  
  20  2:33  Photon Cannon  
  20  2:39  Zealot x2 (Chrono Boost)  
  24  2:52  Assimilator  
  24  3:05  Zealot x2  
  28  3:18  Probe (Chrono Boost)  
  30  3:28  Probe (Chrono Boost)  
  30  3:33  Probe (Chrono Boost)  
  30  3:41  Pylon  
  31  3:49  Zealot  
  23  4:24  Stalker x2  
  23  4:26  Warp Gate (Chrono Boost)  
  23  4:28  Probe  
  28  4:40  Nexus  
  28  4:54  Probe, Stalker (Chrono Boost)  
  28  4:57  Assimilator  
  28  4:58  Stalker (Chrono Boost)  
  33  5:04  Photon Cannon  
  33  5:12  Photon Cannon  
  33  5:41  Pylon  
  33  5:52  Stalker x2  
  37  6:01  Probe  
  38  6:13  Probe  
  38  6:17  Robotics Facility  
  37  6:25  Probe  
  36  6:34  Stalker  
  36  6:36  Stalker  
  40  7:06  Stalker  
  40  7:07  Stalker  
  44  7:35  Stalker  
  44  7:36  Stalker  
  48  8:00  Stargate  
  48  8:14  Twilight Council  
  48  8:32  Zealot  
  48  8:33  Zealot  
  48  8:42  Photon Cannon  
  33  8:56  Zealot x2  
  31  9:05  Void Ray  
  35  9:21  Stargate  
  35  9:36  Nexus  
  33  9:38  Pylon  
  33  9:41  Pylon  
  33  9:42  Void Ray  
  12  10:47  Forge  
  12  11:16  Probe  
  13  11:22  Photon Cannon  
  13  11:24  Photon Cannon  
  13  11:27  Photon Cannon  
  13  11:29  Probe  
  14  11:50  Probe (Chrono Boost)  
  14  11:53  Assimilator  
  15  11:54  Assimilator  
  15  12:00  Probe (Chrono Boost)  
  16  12:05  Probe (Chrono Boost)  
Tags
 
League
GoldGold
Matchup
PvZ
Spawn Locations
Cross Positions
Add a new tag
Caveats
  • Supply blocks, unpowered buildings, or Contaminate may cause inaccurate times.
  • Supply counts are checked every 10 seconds.